IL
BUFFALO BISONS @ SYRACUSE CHIEFS
07/05/2099
 
TOP OF THE 1ST
Buffalo Bisons batting - Pitching for Syracuse Chiefs : RHP Edwin Figueroa
Pitching: RHP Edwin Figueroa
Batting: RHB Josh Sherman 0-0: Ball
1-0: SINGLE (Line Drive, 7S, EV 105.6 MPH)
Batting: LHB Brian Burton 0-0: Ball
1-0: Ball
2-0: Ball
3-0: Called Strike
3-1: Foul Ball, location: 7LMF
3-2: Strikes out swinging
Josh Sherman is caught stealing 2nd base 2-6
Batter strikes out.
Batting: LHB Matt Formosa 0-0: Ball
1-0: Ball
2-0: Foul Ball, location: 2F
2-1: Foul Ball, location: 23F
2-2: Ball
3-2: Base on Balls
Batting: RHB Joe Everson 0-0: Ball
Matt Formosa steals 2nd base
1-0: Called Strike
1-1: Ball
2-1: Called Strike
2-2: Ball
3-2: Fly out, F8 (Flyball, 78M, EV 80.0 MPH)
Top of the 1st over - 0 runs, 1 hit, 0 errors, 1 left on base; Buffalo 0 - Syracuse 0
BOTTOM OF THE 1ST
Syracuse Chiefs batting - Pitching for Buffalo Bisons : RHP Brian Harvey
Pitching: RHP Brian Harvey
Batting: LHB Tom Monroe 0-0: Ball
1-0: Swinging Strike
1-1: Foul Ball, location: 3SF
1-2: Ball
2-2: Ball
3-2: Base on Balls
Batting: RHB Jared White 0-0: Called Strike
0-1: Ball
1-1: Foul Ball, location: 2F
1-2: Foul Ball, location: 2F
1-2: Ground out 6-3 (Groundball, 6S, EV 65.6 MPH)
Tom Monroe to second
Batting: LHB Jesus Medrano 0-0: Foul Ball, location: 7LMF
0-1: Foul Ball, location: 5F
0-2: Ball
1-2: Ball
2-2: SINGLE (Line Drive, 56D, EV 100.0 MPH)
Tom Monroe to third
Runner from 3rd tries for Home, SAFE, throw by LF to home
Batting: RHB Omar Flores 0-0: Fielders Choice at 2nd, 5-4 (Groundball, 56, EV 88.8 MPH)
Batting: RHB Steve Miles 0-0: Called Strike
Omar Flores steals 2nd base
0-1: SINGLE (Line Drive, 8RS, EV 102.5 MPH)
Omar Flores to third
Runner from 3rd tries for Home, SAFE, throw by CF to home
Batting: RHB Brandon Blankenship 0-0: DOUBLE (Line Drive, 9LS, EV 103.1 MPH)
Steve Miles to third
Runner from 3rd tries for Home, SAFE, no throw by RF
Batting: RHB Justin Teufel 0-0: Ball
1-0: Swinging Strike
1-1: Ball
2-1: Foul Ball, location: 3SF
2-2: Ground out 5-3 (Groundball, 5, EV 82.5 MPH)
Bottom of the 1st over - 3 runs, 3 hits, 0 errors, 1 left on base; Buffalo 0 - Syracuse 3
TOP OF THE 2ND
Buffalo Bisons batting - Pitching for Syracuse Chiefs : RHP Edwin Figueroa
Batting: LHB Luis Rios 0-0: Ball
1-0: Fly out, F9 (Flyball, 89M, EV 98.1 MPH)
Batting: RHB Nate Maine 0-0: Called Strike
0-1: Ball
1-1: Fly out, F7 (Flyball, 7D, EV 86.9 MPH)
Batting: RHB Alden Young 0-0: Ball
1-0: Called Strike
1-1: Foul Ball, location: 3F
1-2: Ground out 5-3 (Groundball, 56, EV 86.3 MPH)
Top of the 2nd over - 0 runs, 0 hits, 0 errors, 0 left on base; Buffalo 0 - Syracuse 3
BOTTOM OF THE 2ND
Syracuse Chiefs batting - Pitching for Buffalo Bisons : RHP Brian Harvey
Batting: RHB Josh Elkins 0-0: Called Strike
0-1: SINGLE (Groundball, 3D, EV 109.4 MPH)
Batting: RHB Faical Giraldes 0-0: Called Strike
0-1: Fielders Choice at 2nd, 3-6 (Groundball, 3S, EV 85.6 MPH)
Batting: LHB Tom Monroe 0-0: Ball
1-0: Swinging Strike
1-1: Ball
2-1: Foul Ball, location: 7LSF
2-2: Strikes out swinging
Batting: RHB Jared White 0-0: Swinging Strike
0-1: Fielders Choice at 2nd, 5-4 (Groundball, 56, EV 102.5 MPH)
Bottom of the 2nd over - 0 runs, 1 hit, 0 errors, 1 left on base; Buffalo 0 - Syracuse 3
TOP OF THE 3RD
Buffalo Bisons batting - Pitching for Syracuse Chiefs : RHP Edwin Figueroa
Batting: LHB Josh Rose 0-0: Called Strike
0-1: SINGLE (Line Drive, 89S, EV 103.8 MPH)
Batting: RHB Franklin Padilla 0-0: Ball
1-0: Called Strike
1-1: SINGLE (Groundball, 34D, EV 101.3 MPH)
Josh Rose to second
Runner from 2nd tries for 3rd, SAFE, no throw by RF
Batting: RHB Josh Sherman 0-0: Foul Ball, location: 3FF
0-1: Foul Ball, location: 2F
0-2: Foul Ball, location: 2F
0-2: Strikes out swinging
Batting: LHB Brian Burton 0-0: Ball
1-0: Fly out, F8 (Flyball, 89M, EV 97.5 MPH)
Runner from 3rd tags up, SCORES, throw by CF
Batting: LHB Matt Formosa 0-0: Ball
1-0: Fielders Choice at 2nd, 6-4 (Groundball, 6, EV 97.5 MPH)
Top of the 3rd over - 1 run, 2 hits, 0 errors, 1 left on base; Buffalo 1 - Syracuse 3
BOTTOM OF THE 3RD
Syracuse Chiefs batting - Pitching for Buffalo Bisons : RHP Brian Harvey
Batting: LHB Jesus Medrano 0-0: SINGLE (Line Drive, 4D, EV 94.4 MPH)
Batting: RHB Omar Flores 0-0: Ball
1-0: Grounds into double play, 6-4-3 (Groundball, 6, EV 84.4 MPH)
Batting: RHB Steve Miles 0-0: Called Strike
0-1: Foul Ball, location: 25F
0-2: Ball
1-2: Ball
2-2: Foul Ball, location: 3F
2-2: Ball
3-2: Foul Ball, location: 25F
3-2: Ground out 4-3 (Groundball, 4, EV 93.1 MPH)
Bottom of the 3rd over - 0 runs, 1 hit, 0 errors, 0 left on base; Buffalo 1 - Syracuse 3
TOP OF THE 4TH
Buffalo Bisons batting - Pitching for Syracuse Chiefs : RHP Edwin Figueroa
Batting: RHB Joe Everson 0-0: Ball
1-0: Called Strike
1-1: Called Strike
1-2: Fly out, F8 (Flyball, 8LD, EV 94.4 MPH)
Batting: LHB Luis Rios 0-0: Called Strike
0-1: Swinging Strike
0-2: Ball
1-2: Ball
2-2: Ground out U3 (Groundball, 3, EV 85.0 MPH)
Batting: RHB Nate Maine 0-0: Ground out 5-3 (Groundball, 5, EV 82.5 MPH)
Top of the 4th over - 0 runs, 0 hits, 0 errors, 0 left on base; Buffalo 1 - Syracuse 3
BOTTOM OF THE 4TH
Syracuse Chiefs batting - Pitching for Buffalo Bisons : RHP Brian Harvey
Batting: RHB Brandon Blankenship 0-0: Ball
1-0: Called Strike
1-1: SINGLE (Groundball, 56S, EV 74.4 MPH) (infield hit)
Batting: RHB Justin Teufel 0-0: Grounds into double play, 6-4-3 (Groundball, 6, EV 97.5 MPH)
Batting: RHB Josh Elkins 0-0: Ball
1-0: Foul Ball, location: 9LMF
1-1: Ground out 3-1 (Groundball, 34, EV 83.8 MPH)
Bottom of the 4th over - 0 runs, 1 hit, 0 errors, 0 left on base; Buffalo 1 - Syracuse 3
TOP OF THE 5TH
Buffalo Bisons batting - Pitching for Syracuse Chiefs : RHP Edwin Figueroa
Batting: RHB Alden Young 0-0: Ball
1-0: Ball
2-0: Foul Ball, location: 2F
2-1: Foul Ball, location: 3SF
2-2: Strikes out looking
Batting: LHB Josh Rose 0-0: Ball
1-0: Called Strike
1-1: Fly out, F5 (Popup, 5SF, EV 78.8 MPH)
Batting: RHB Franklin Padilla 0-0: Ball
1-0: Ball
2-0: Ball
3-0: Base on Balls
Batting: RHB Josh Sherman 0-0: Foul Ball, location: 9LSF
0-1: Called Strike
0-2: Foul Ball, location: 3DF
0-2: Foul Ball, location: 5F
0-2: SINGLE (Groundball, 6MD, EV 105.6 MPH)
Franklin Padilla to second
Batting: LHB Brian Burton 0-0: Ball
1-0: Ball
2-0: Ball
3-0: Base on Balls
Franklin Padilla to third
Josh Sherman to second
Batting: LHB Matt Formosa 0-0: Fly out, F4 (Line Drive, 4, EV 66.9 MPH)
Top of the 5th over - 0 runs, 1 hit, 0 errors, 3 left on base; Buffalo 1 - Syracuse 3
BOTTOM OF THE 5TH
Syracuse Chiefs batting - Pitching for Buffalo Bisons : RHP Brian Harvey
Batting: RHB Faical Giraldes 0-0: Called Strike
0-1: SINGLE (Line Drive, 4M, EV 98.1 MPH)
Batting: LHB Tom Monroe 0-0: Ball
Faical Giraldes is caught stealing 2nd base 2-6
1-0: Fly out, F8 (Flyball, 78S, EV 74.4 MPH)
Batting: RHB Jared White 0-0: Foul Ball, location: 2LF
0-1: Ball
1-1: Foul Ball, location: 3SF
1-2: Ground out 3-1 (Groundball, 34S, EV 89.4 MPH)
Bottom of the 5th over - 0 runs, 1 hit, 0 errors, 0 left on base; Buffalo 1 - Syracuse 3
TOP OF THE 6TH
Buffalo Bisons batting - Pitching for Syracuse Chiefs : RHP Edwin Figueroa
Batting: RHB Joe Everson 0-0: Ball
1-0: Foul Ball, location: 5SF
1-1: Ball
2-1: Ball
3-1: Called Strike
3-2: Foul Ball, location: 2F
3-2: Strikes out swinging
Batting: LHB Luis Rios 0-0: Foul Ball, location: 7LSF
0-1: Foul Ball, location: 2F
0-2: Ball
1-2: Strikes out swinging
Batting: RHB Nate Maine 0-0: Called Strike
0-1: Ball
1-1: Foul Ball, location: 3DF
1-2: Fly out, F7 (Flyball, 7S, EV 85.0 MPH)
Top of the 6th over - 0 runs, 0 hits, 0 errors, 0 left on base; Buffalo 1 - Syracuse 3
BOTTOM OF THE 6TH
Syracuse Chiefs batting - Pitching for Buffalo Bisons : RHP Brian Harvey
Batting: LHB Jesus Medrano 0-0: Ball
1-0: Ground out 6-3 (Groundball, 6, EV 93.8 MPH)
Batting: RHB Omar Flores 0-0: Swinging Strike
0-1: Ball
1-1: SINGLE (Line Drive, 56D, EV 100.6 MPH)
Batting: RHB Steve Miles 0-0: Ball
1-0: SINGLE (Groundball, 4D, EV 106.3 MPH)
Omar Flores to second
Runner from 2nd tries for 3rd, SAFE, throw by CF made to third
Batting: RHB Brandon Blankenship 0-0: Grounds into double play, 6-4-3 (Groundball, 6, EV 105.6 MPH)
Bottom of the 6th over - 0 runs, 2 hits, 0 errors, 1 left on base; Buffalo 1 - Syracuse 3
TOP OF THE 7TH
Buffalo Bisons batting - Pitching for Syracuse Chiefs : RHP Edwin Figueroa
Batting: RHB Alden Young 0-0: Ball
1-0: Ball
2-0: Ball
3-0: Called Strike
3-1: Foul Ball, location: 7LDF
3-2: Ground out 2-3 (Groundball, 2R, EV 65.6 MPH)
Batting: LHB Josh Rose 0-0: Called Strike
0-1: Ball
1-1: Ball
2-1: Called Strike
2-2: Strikes out looking
Batting: RHB Franklin Padilla 0-0: Ball
1-0: Ball
2-0: Ball
3-0: Base on Balls
Batting: RHB Josh Sherman 0-0: Called Strike
0-1: Foul Ball, location: 2F
0-2: Ball
1-2: Fly out, F4 (Popup, 23, EV 82.5 MPH)
Top of the 7th over - 0 runs, 0 hits, 0 errors, 1 left on base; Buffalo 1 - Syracuse 3
BOTTOM OF THE 7TH
Syracuse Chiefs batting - Pitching for Buffalo Bisons : RHP Brian Harvey
Batting: RHB Justin Teufel 0-0: Called Strike
0-1: Ball
1-1: Ball
2-1: Ground out 6-3 (Groundball, 6, EV 88.8 MPH)
Batting: RHB Josh Elkins 0-0: Ball
1-0: Foul Ball, location: 23FF
1-1: Ball
2-1: Swinging Strike
2-2: Ball
3-2: Foul Ball, location: 2F
3-2: Base on Balls
Batting: RHB Faical Giraldes 0-0: SINGLE (Groundball, 6MD, EV 101.3 MPH)
Josh Elkins to second
Batting: LHB Tom Monroe 0-0: Swinging Strike
0-1: Ball
1-1: Swinging Strike
1-2: Foul Ball, location: 25F
1-2: Strikes out swinging
Pitching: LHP Jesse Leake
Batting: RHB Jared White 0-0: Ball
1-0: Called Strike
1-1: Ball
2-1: Foul Ball, location: 3F
2-2: Foul Ball, location: 2F
2-2: Foul Ball, location: 9LMF
2-2: DOUBLE (Line Drive, 89D, EV 102.5 MPH)
Josh Elkins scores
Faical Giraldes to third
Batting: LHB Jesus Medrano 0-0: Hit by Pitch
Batting: RHB Omar Flores 0-0: Ball
1-0: Foul Ball, location: 2F
1-1: Ball
2-1: Foul Ball, location: 2F
2-2: Fly out, F8 (Flyball, 89D, EV 104.4 MPH)
Bottom of the 7th over - 1 run, 2 hits, 0 errors, 3 left on base; Buffalo 1 - Syracuse 4
TOP OF THE 8TH
Buffalo Bisons batting - Pitching for Syracuse Chiefs : RHP Edwin Figueroa
Now in LF: Brian Martin
Batting: LHB Brian Burton 0-0: Ball
1-0: Called Strike
1-1: Ground out 3-1 (Groundball, 34, EV 86.3 MPH)
Batting: LHB Matt Formosa 0-0: Ball
1-0: Ball
2-0: Called Strike
2-1: Ball
3-1: Ground out U3 (Groundball, 3S, EV 89.4 MPH)
Batting: RHB Joe Everson 0-0: Ball
1-0: Swinging Strike
1-1: Foul Ball, location: 2F
1-2: Ball
2-2: Foul Ball, location: 9LDF
2-2: Foul Ball, location: 5FF
2-2: Fly out, F3 (Popup, 34, EV 61.3 MPH)
Top of the 8th over - 0 runs, 0 hits, 0 errors, 0 left on base; Buffalo 1 - Syracuse 4
BOTTOM OF THE 8TH
Syracuse Chiefs batting - Pitching for Buffalo Bisons : LHP Jesse Leake
Batting: RHB Steve Miles 0-0: Ball
1-0: Foul Ball, location: 5FF
1-1: Foul Ball, location: 2F
1-2: Foul Ball, location: 2F
1-2: Ball
2-2: Foul Ball, location: 2F
2-2: Ball
3-2: Base on Balls
Batting: RHB Brandon Blankenship 0-0: Ball
1-0: Ball
2-0: Fly out, F7 (Flyball, 7LS, EV 94.4 MPH)
Batting: RHB Justin Teufel 0-0: Foul Ball, location: 3F
0-1: Swinging Strike
0-2: Foul Ball, location: 9LDF
0-2: Fly out, F4 (Popup, 34, EV 53.8 MPH)
Batting: RHB Josh Elkins 0-0: Called Strike
0-1: Ball
1-1: Fly out, F9 (Flyball, 89D, EV 101.3 MPH)
Bottom of the 8th over - 0 runs, 0 hits, 0 errors, 1 left on base; Buffalo 1 - Syracuse 4
TOP OF THE 9TH
Buffalo Bisons batting - Pitching for Syracuse Chiefs : RHP Edwin Figueroa
Pitching: RHP Sean Edmonds
Batting: LHB Luis Rios 0-0: Fly out, F7 (Flyball, 7, EV 91.3 MPH)
Batting: RHB Nate Maine 0-0: SINGLE (Line Drive, 6D, EV 69.4 MPH)
Batting: RHB Alden Young 0-0: Called Strike
0-1: Ball
1-1: Ball
2-1: SINGLE (Groundball, 56S, EV 68.1 MPH) (infield hit)
Nate Maine to second
Batting: LHB Josh Rose 0-0: Ball
1-0: Ball
2-0: Foul Ball, location: 5F
2-1: SINGLE (Line Drive, 56D, EV 98.8 MPH)
Nate Maine to third
Alden Young to second
Batting: RHB Franklin Padilla 0-0: Grounds into double play, 1-2-3 (Groundball, 15S, EV 67.5 MPH)
Top of the 9th over - 0 runs, 3 hits, 0 errors, 2 left on base; Buffalo 1 - Syracuse 4
Saturday, May 11th , 2024 - OOTP Baseball 24.11 Build 85